 Seeded DCSS version 0.29-a0-870-g2c972031a6 (webtiles) character file.

Game seed: 8897551386731462229 (custom seed)

409 wilfster70 the Insei (level 6, -1/47 HPs)
             Began as a Gnoll Transmuter on July 18, 2022.
             Was an Initiate of Hepliaklqana.
             Slain by a mummy (13 damage)
             ... in an ossuary.
             The game lasted 00:07:50 (2885 turns).

wilfster70 the Insei (Gnoll Transmuter)             Turns: 2885, Time: 00:07:51

Health: -1/47      AC:  7    Str:  9    XL:     6   Next: 89%
Magic:  14/14      EV: 14    Int: 15    God:    Hepliaklqana [......]
Gold:   203        SH:  0    Dex: 14    Spells: 15/16 levels left

rFire   . . .      SeeInvis +   b - +0 shortbow of Nightmares {vorpal, rPois Dex+2 SInv}
rCold   . . .      Faith    .   (shield currently unavailable)
rNeg    . . .      Spirit   .   a - +0 robe
rPois   +          Reflect  .   (no helmet)
rElec   .          Harm     .   (no cloak)
rCorr   .          Rampage  .   f - +0 pair of gloves
Will    .....                   (no boots)
Stlth   ++........              (no amulet)
HPRegen 0.15/turn               o - +4 ring of protection
MPRegen 0.14/turn               (no ring)

@: no status effects
A: fangs 1, strong nose, distributed training
a: Renounce Religion


You were in an ossuary.
You worshipped Hepliaklqana.
Hepliaklqana was noncommittal.
You visited 1 branch of the dungeon, and saw 5 of its levels.
You also visited: Ossuary.

You collected 203 gold pieces.

Inventory:

Hand Weapons
 b - the +0 shortbow of Nightmares (weapon) {vorpal, rPois Dex+2 SInv}
   (You acquired it on level 1 of the Dungeon)

   Any ammunition fired from it inflicts extra damage upon your enemies.
   Dex:       It affects your dexterity (+2).
   rPois:     It protects you from poison.
   SInv:      It lets you see invisible.
Missiles
 d - 2 javelins
Armour
 a - a +0 robe (worn)
 f - a +0 pair of gloves (worn)
Jewellery
 l - an amulet of the acrobat
 o - a +4 ring of protection (left hand)
Scrolls
 g - 2 scrolls of noise {unknown}
 h - a scroll of magic mapping {unknown}
 i - 3 scrolls of poison {unknown}
 j - a scroll of enchant armour {unknown}
 k - a scroll of vulnerability {unknown}
 m - a scroll of teleportation
 n - a scroll of enchant weapon {unknown}
 p - a scroll of amnesia {unknown}
 q - a scroll of blinking {unknown}
 r - 3 scrolls of identify
 s - a scroll of silence {unknown}
Potions
 c - 2 potions of curing
 e - a potion of lignification


   Skills:
 + Level 3.4 Fighting
 + Level 2.2 Short Blades
 + Level 2.2 Long Blades
 + Level 2.2 Axes
 + Level 2.2 Maces & Flails
 + Level 2.2 Polearms
 + Level 2.2 Staves
 + Level 2.2 Ranged Weapons
 + Level 2.2 Throwing
 + Level 2.2 Armour
 + Level 5.1 Dodging
 + Level 2.2 Stealth
 + Level 2.2 Shields
 + Level 6.9 Unarmed Combat
 + Level 5.5 Spellcasting
 + Level 1.8 Conjurations
 + Level 1.8 Hexes
 + Level 1.8 Summonings
 + Level 1.8 Necromancy
 + Level 1.8 Translocations
 + Level 4.2 Transmutations
 + Level 1.8 Fire Magic
 + Level 1.8 Ice Magic
 + Level 1.8 Air Magic
 + Level 1.8 Earth Magic
 + Level 1.8 Poison Magic
 + Level 2.5 Invocations
 + Level 2.2 Evocations


You had 15 spell levels left.
You knew the following spells:

 Your Spells              Type           Power      Damage    Failure   Level
a - Beastly Appendage     Tmut           32%        N/A       2%          1

Your spell library contained the following spells:

 Spells                   Type           Power      Damage    Failure   Level
 Wereblood                Tmut           16%        N/A       4%          2
 Passwall                 Tmut/Erth      10%        N/A       7%          2
 Apportation              Tloc           18%        N/A       8%          1
 Magic Dart               Conj           36%        1d4       8%          1
 Necrotise                Necr           36%        1d5       8%          1
 Summon Small Mammal      Summ           36%        N/A       8%          1
 Ensorcelled Hibernation  Hex/Ice        18%        N/A       11%         2
 Searing Ray              Conj           18%        2d5       11%         2
 Spider Form              Tmut/Pois      13%        N/A       14%         3
 Swiftness                Air            9%         N/A       22%         3
 Ice Form                 Ice/Tmut       13%        N/A       41%         4
 Fulminant Prism          Conj/Hex       4%         3d6       58%         4


Dungeon Overview and Level Annotations

Branches:
Dungeon (7/15)             Temple (0/1) D:7         Ossuary (1/1)

Altars:
Hepliaklqana
Kikubaaqudgha

Annotations:
D:7 Menkaure


Innate Abilities, Weirdness & Mutations

You have very sharp teeth.
Your uncanny sense of smell can sniff out nearby items.
Your experience applies equally to all skills.


Message History

The centaur zombie is severely damaged.
The centaur zombie hits you.
* * * LOW HITPOINT WARNING * * *
The centaur zombie kicks you but does no damage.
The adder zombie bites you but does no damage.
The centaur zombie misses you. The centaur zombie closely misses you.
The adder zombie misses you.
The centaur zombie attacks as you move away!
The centaur zombie closely misses you. x2
A kobold zombie comes into view.
The centaur zombie closely misses you. x2
A mummy comes into view.
The adder zombie bites you but does no damage.
The centaur zombie attacks as you move away!
The centaur zombie hits you but does no damage.
The centaur zombie kicks you but does no damage.
The adder zombie attacks as you move away!
The adder zombie barely misses you. The centaur zombie misses you. x2
Really attack while wielding the +0 shortbow of Nightmares {vorpal, rPois Dex+2 SInv}? [Y]es or [N]o only, please.
Really attack while wielding the +0 shortbow of Nightmares {vorpal, rPois Dex+2 SInv}? [Y]es or [N]o only, please.
Really attack while wielding the +0 shortbow of Nightmares {vorpal, rPois Dex+2 SInv}?
Okay, then.
Unknown command.
The centaur zombie attacks as you move away!
The centaur zombie hits you but does no damage.
The centaur zombie kicks you but does no damage.
A mummy comes into view.
The kobold zombie hits you but does no damage.
The mummy closely misses you. The centaur zombie hits you.
* * * LOW HITPOINT WARNING * * *
The centaur zombie barely misses you.
The centaur zombie attacks as you move away!
The centaur zombie hits you but does no damage.
The centaur zombie kicks you but does no damage.
The mummy misses you. The mummy closely misses you.
An elf zombie comes into view.
The mummy hits you!
You die...

##################
#........Z∩∩Z.Z...
#..Z.......ZZ.ZZ..
#...##############
#...# ∆ ∆∆∆# #...#
∆∆∆# #...# # #...#
# #@M.# # #Z..#
#.... #


#ZMZ# ##.... # #.Z.# .... # #...# #..# # #..Z# #^^# # #.Z.# #^.# #
#..Z######..###### #.......Z......... You could see 2 mummies, an adder zombie,
a rat zombie, a kobold zombie, an orc zombie, an elf zombie (wandering), a
centaur zombie and 2 human zombies.

Vanquished Creatures
  A sky beast (D:7)
  A necrophage (D:7)
  A wight (D:7)
  2 centaur zombies (Ossuary)
  A gnoll (D:3)
  5 adders (D:2)
  A shadow imp (D:7)
  2 worms
  2 dart slugs
  An orc (D:7)
  3 ball pythons
  4 bats
  7 endoplasms
  3 giant cockroaches
  2 goblins (D:2)
  5 hobgoblins
  4 jackals (D:1)
  5 kobolds
  6 frilled lizards
  6 hobgoblin zombies (Ossuary)
  6 kobold zombies (Ossuary)
  8 orc zombies (Ossuary)
76 creatures vanquished.

Vanquished Creatures (others)
  A fungus (D:2)
1 creature vanquished.

Grand Total: 77 creatures vanquished

Notes
Turn   | Place    | Note
-------+----------+-------------------------------------------
     0 | D:1      | wilfster70 the Gnoll Transmuter began the quest for the
                  | Orb.
     0 | D:1      | Reached XP level 1. HP: 17/17 MP: 6/6
   175 | D:1      | Reached XP level 2. HP: 21/23 MP: 5/7
   423 | D:1      | Identified a scroll of acquirement
   423 | D:1      | Acquired the +0 shortbow of Nightmares {vorpal, rPois Dex+2
                  | SInv}
   608 | D:1      | Acquired a book of Conjurations
   909 | D:2      | Reached skill level 5 in Spellcasting
   909 | D:2      | Reached XP level 3. HP: 28/28 MP: 7/9
   935 | D:2      | Found a faded altar of an unknown god.
  1283 | D:2      | Reached skill level 1 in Invocations
  1287 | D:2      | Reached skill level 1 in Short Blades
  1287 | D:2      | Reached skill level 1 in Long Blades
  1287 | D:2      | Reached skill level 1 in Axes
  1287 | D:2      | Reached skill level 1 in Maces & Flails
  1287 | D:2      | Reached skill level 1 in Polearms
  1287 | D:2      | Reached skill level 1 in Staves
  1287 | D:2      | Reached skill level 1 in Ranged Weapons
  1287 | D:2      | Reached skill level 1 in Throwing
  1287 | D:2      | Reached skill level 1 in Armour
  1287 | D:2      | Reached skill level 1 in Stealth
  1287 | D:2      | Reached skill level 1 in Shields
  1287 | D:2      | Reached skill level 1 in Evocations
  1310 | D:2      | Reached XP level 4. HP: 34/34 MP: 11/11
  1392 | D:2      | Reached skill level 1 in Conjurations
  1392 | D:2      | Reached skill level 1 in Hexes
  1392 | D:2      | Reached skill level 1 in Summonings
  1392 | D:2      | Reached skill level 1 in Necromancy
  1392 | D:2      | Reached skill level 1 in Translocations
  1392 | D:2      | Reached skill level 1 in Fire Magic
  1392 | D:2      | Reached skill level 1 in Ice Magic
  1392 | D:2      | Reached skill level 1 in Air Magic
  1392 | D:2      | Reached skill level 1 in Earth Magic
  1392 | D:2      | Reached skill level 1 in Poison Magic
  1962 | D:4      | Found a hazy altar of Hepliaklqana.
  2160 | D:4      | Found an ancient bone altar of Kikubaaqudgha.
  2173 | D:4      | Reached XP level 5. HP: 40/40 MP: 12/12
  2179 | D:4      | Became a worshipper of Hepliaklqana the Forgotten
  2228 | D:4      | You fall into a shaft and drop 3 floors!
  2246 | D:7      | Reached XP level 6. HP: 19/47 MP: 13/13
  2410 | D:7      | Noticed a sky beast
  2432 | D:7      | Killed a sky beast
  2433 | D:7      | Reached skill level 5 in Dodging
  2521 | D:7      | Found a staircase to the Ecumenical Temple.
  2550 | D:7      | Found a sand-covered staircase.
  2551 | D:7      | Noticed Menkaure
  2561 | Ossuary  | Entered an ossuary
  2885 | Ossuary  | Slain by a mummy

Illustrated notes

Levels and vault maps discovered:
D:1:      lemuel_arrival_behind_the_door_large, layout_basic, minivault_24,
          dreamdust_wishing_well, moated_statue, minmay_hedge_maze
D:2:      layout_basic, dreamdust_ecumenical_altar_grove, eino_tiny_chamber,
          minmay_joined_circles
D:3:      layout_loops_ring, bloody_trog, mainiacjoe_overflow_tiny_flanked,
          minmay_fractal_squares_gapless_5
D:4:      layout_basic, bloody_makhleb, lemuel_crystal_altar,
          gammafunk_temple_overflow_pools, grunt_temple_overflow_open,
          gammafunk_ghost_mausoleum
D:7:      layout_rooms, nicolae_yredelemnul_ghost_church,
          minmay_temple_entry_ruins, chequers_ossuary_entry_cave,
          corexii_corridor_pit, uniq_menkaure
Ossuary:  ossuary_tomb_1

Skill      XL: |  1  2  3  4  5  6 |
---------------+-------------------+-----
Spellcasting   | 5 |  5.5
Invocations    | 1 2 |  2.5
Short Blades   | 1 2 |  2.2
Long Blades    | 1 2 |  2.2
Axes           | 1 2 |  2.2
Maces & Flails | 1 2 |  2.2
Polearms       | 1 2 |  2.2
Staves         | 1 2 |  2.2
Ranged Weapons | 1 2 |  2.2
Throwing       | 1 2 |  2.2
Armour         | 1 2 |  2.2
Stealth        | 1 2 |  2.2
Shields        | 1 2 |  2.2
Evocations     | 1 2 |  2.2
Conjurations   | 1 |  1.8
Hexes          | 1 |  1.8
Summonings     | 1 |  1.8
Necromancy     | 1 |  1.8
Translocations | 1 |  1.8
Fire Magic     | 1 |  1.8
Ice Magic      | 1 |  1.8
Air Magic      | 1 |  1.8
Earth Magic    | 1 |  1.8
Poison Magic   | 1 |  1.8
Fighting       | 3 |  3.4
Transmutations | 4 |  4.2
Dodging        | 5 |  5.1
Unarmed Combat | |  6.9

Action                   |  1- 3 |  4- 6 || total
-------------------------+-------+-------++-------
Melee: Unarmed           |    32 |       ||    32
       Kick              |     9 |       ||     9
       Headbutt          |     5 |       ||     5
       Bite              |     1 |       ||     1
 Fire: Shortbow          |    49 |   166 ||   215
 Cast: Beastly Appendage |     6 |       ||     6
  Use: Scroll            |     2 |     2 ||     4
Armor: Robe              |    18 |   112 ||   130
Dodge: Dodged            |    64 |   222 ||   286

Table legend: (Time is in decaauts)
 A = Elapsed time spent in this place.
 B = Non-inter-level travel time spent in this place.
 C = Inter-level travel time spent in this place.
 D = Time resting spent in this place.
 E = Time spent auto-exploring this place.
 F = Levels seen in this place.
 G = Mean time per level.
                   A        B        C        D        E       F      G
               +--------+--------+--------+--------+--------+-----+--------+
         Total |   2968 |   2922 |     46 |    928 |    889 |   6 |  494.7 |
       Dungeon |   2616 |   2570 |     46 |    832 |    889 |   5 |  523.2 |
       Ossuary |    352 |    352 |      0 |     96 |      0 |   1 |  352.0 |
               +--------+--------+--------+--------+--------+-----+--------+

Top non-repeatable levels by time:
     D:2: 1067 daAuts
     D:1: 877 daAuts
 Ossuary: 352 daAuts
     D:7: 351 daAuts
     D:4: 269 daAuts
     D:3: 49 daAuts
